 Dungeon Crawl Stone Soup version 0.27.1-37-g7b29ead8ac (console) character file.

Game seed: 7682811752773997661

163 grimtooth the Bolt Thrower (level 5, 0/33 HPs)
             Began as a Kobold Hunter on Dec 10, 2023.
             Succumbed to a kobold's poison
             ... on level 3 of the Dungeon.
             The game lasted 00:14:38 (5601 turns).

grimtooth the Bolt Thrower (Kobold Hunter)          Turns: 5601, Time: 00:14:39

Health: 0/33       AC:  4    Str:  9    XL:     5   Next: 73%
Magic:  5/5        EV: 14    Int: 13    God:
Gold:   41         SH:  0    Dex: 16    Spells: 4/4 levels left

rFire    + . .     SeeInvis .   b - +1 dagger (venom)
rCold    . . .     Faith    .   (shield restricted)
rNeg     . . .     Spirit   .   c - +0 leather armour
rPois    .         Reflect  .   (no helmet)
rElec    .         Harm     .   i - +0 cloak
rCorr    .         Rampage  .   (no gloves)
Will     .....                  (no boots)
Stlth    +++.......             (no amulet)
HPRegen  0.11/turn              t - ring of protection from fire
MPRegen  0.09/turn              (no ring)

@: lethally poisoned (0 -> -10)
A: small, no large weapons, nightstalker 3
a: no special abilities


You were on level 3 of the Dungeon.
You visited 1 branch of the dungeon, and saw 4 of its levels.

You collected 101 gold pieces.
You spent 60 gold pieces at shops.

Inventory:

Hand Weapons
 a - a +1 hand crossbow
 b - a +1 dagger of venom (weapon)
 l - a +0 short sword
Missiles
 d - 38 bolts
 e - 18 stones (quivered)
Armour
 c - a +0 leather armour (worn)
 i - a +0 cloak (worn)
Magical Staves
 p - a staff of conjuration
Jewellery
 t - a ring of protection from fire (left hand)
Scrolls
 f - 2 scrolls of enchant armour {unknown}
 g - a scroll of teleportation {unknown}
 h - 2 scrolls of fear {unknown}
 j - a scroll of vulnerability {unknown}
 o - a scroll of fog
 r - a scroll of amnesia {unknown}
Potions
 k - a potion of haste
 m - a potion of curing {unknown}
 n - a potion of flight
 q - a potion of heal wounds {unknown}
 s - 2 potions of cancellation {unknown}


   Skills:
 + Level 3.8 Fighting
 * Level 7.0 Crossbows
 - Level 2.4 Dodging
 - Level 1.3 Stealth


You had 4 spell levels left.
You didn't know any spells.
Your spell library was empty.

Dungeon Overview and Level Annotations

Branches:
Dungeon (4/15)
 Temple: D:4-7

Altars:
Elyvilon
Fedhas
Ru
Yredelemnul

Shops:
D:2 ??[

Annotations:
D:3 exclusion: zombie


Innate Abilities, Weirdness & Mutations

You are small and have problems with some larger weapons.
You are completely attuned to the shadows.


Message History

The orc is lightly wounded.
The orc closely misses you. The orc hits you with a +0 hand axe.
The orc barely misses you.
You closely miss the orc.
The orc is moderately wounded.
The orc barely misses you.
You barely miss the orc.
The orc is heavily wounded.
The orc closely misses you.
You hit the orc but do no damage.
The orc looks even sicker.
The orc is almost dead.
You kill the orc!
You barely miss the kobold. The kobold barely misses you.
You closely miss the kobold.
The kobold hits you with a +2 dagger of venom.
You are poisoned.
You feel very sick.
The orc wizard mumbles some strange words.
The orc wizard flickers and vanishes!
Deactivating autopickup; reactivate with Ctrl-A.
There is a stone staircase leading up here.
You feel sick. The kobold misses you.
You climb upwards.
Level annotation: exclusion: zombie Reactivating autopickup.
You feel sick.
There is a stone staircase leading down here.
You feel sick.
You feel sick.
You hit the kobold but do no damage.
The kobold is poisoned.
You feel sick.
The kobold hits you with a +2 dagger of venom.
* * * LOW HITPOINT WARNING * * *
You are lethally poisoned!
* * * LOW HITPOINT WARNING * * *
You feel very sick.
* * * LOW HITPOINT WARNING * * *
You feel very sick.
You kill the kobold!
You die...

#...###.#..##................##.#
....# #.......#####..(#####......
....###.#..#### #..........##.#
......#.#..# ###...#####..##.#
.####......# #.......# #..#..#
.####..#...# #>#...#.# #..#.##
...........# #.....#.# #......
..#.#..##########)...##)# #......
..#.#.........##.....##.# ####.>.
........#####.##.###....# ##.#
..####..##......@# #....#######.#
........##.##.##.###..........#..
..#####.##.##.##......#.#####.#.#
### #.......###.#...#.# #.#..
#.##.##.# ##......# #.##.
#.##.##.# #....### ##.##.
#.##....# ###.### ##.....
#.####..# #.....# ##.#.#..
#.......# #.....# #.##....
######.## #.....# ##.##..# #.#
#.....# ##.#.##


There were no monsters in sight!

Vanquished Creatures
  4 gnolls
  2 adders (D:2)
  An adder zombie (D:3)
  A worm (D:2)
  3 dart slugs
  7 orcs
  4 ball pythons
  9 endoplasms
  3 giant cockroaches
  7 goblins
  10 hobgoblins
  2 jackals (D:2)
  5 kobolds
  4 quokkas (D:1)
  9 bats
  4 frilled lizards
  A giant cockroach zombie (D:3)
  A quokka zombie (D:3)
  6 rats
83 creatures vanquished.

Vanquished Creatures (others)
  A fungus (D:3)
1 creature vanquished.

Grand Total: 84 creatures vanquished

Notes
Turn   | Place    | Note
-------+----------+-------------------------------------------
     0 | D:1      | grimtooth the Kobold Hunter began the quest for the Orb.
     0 | D:1      | Reached XP level 1. HP: 12/12 MP: 1/1
   151 | D:1      | Reached skill level 5 in Crossbows
   205 | D:1      | Reached XP level 2. HP: 16/18 MP: 2/2
   770 | D:1      | Reached XP level 3. HP: 18/22 MP: 3/3
  1383 | D:2      | Found Yhihoi's Armour Emporium.
  1437 | D:2      | Reached XP level 4. HP: 28/28 MP: 4/4
  1478 | D:2      | Reached skill level 6 in Crossbows
  2239 | D:2      | Found Sewab's Magic Scroll Shoppe.
  3513 | D:2      | Reached XP level 5. HP: 32/32 MP: 5/5
  3635 | D:2      | Found a sacrificial altar of Ru.
  3681 | D:2      | Found Vereg's Magic Scroll Boutique.
  3849 | D:2      | Bought a scroll of identify for 20 gold pieces
  3849 | D:2      | Bought a scroll of identify for 20 gold pieces
  3849 | D:2      | Bought a scroll of identify for 20 gold pieces
  4232 | D:3      | Found a blossoming altar of Fedhas.
  4754 | D:3      | Found a basalt altar of Yredelemnul.
  5256 | D:4      | Reached skill level 7 in Crossbows
  5373 | D:4      | Found a white marble altar of Elyvilon.
  5601 | D:3      | Succumbed to a kobold's poison

Illustrated notes

Levels and vault maps discovered:
D:1:      minmay_arrival_widening_spiral_wide, layout_loops_ring,
          grunt_decor_fettered
D:2:      layout_basic, basic_altar, serial_shops, shop, shop, shop,
          minmay_goblin_kobold_house
D:3:      layout_loops_cross, nicolae_yredelemnul_corpse_copse, fedhas_altar_3,
          minmay_between
D:4:      layout_loops_ring, old_standard_altar,
          nicolae_elyvilon_peaceful_grove, uniq_duvessa

Skill      XL: |  1  2  3  4  5 |
---------------+----------------+-----
Crossbows      | 5 6 7 |  7.0
Fighting       | 3 |  3.8
Dodging        | |  2.4
Stealth        | |  1.3

Action                   |  1- 3 |  4- 6 || total
-------------------------+-------+-------++-------
Melee: Short sword       |    53 |     4 ||    57
       Dagger            |       |   174 ||   174
 Fire: Hand crossbow     |    20 |     9 ||    29
Throw: Stone             |     1 |    13 ||    14
  Use: Potion            |       |     1 ||     1
       Scroll            |       |     3 ||     3
 Stab: Sleeping          |    14 |     8 ||    22
       Distracted        |     1 |       ||     1
Armor: Leather armour    |    12 |    33 ||    45
Dodge: Dodged            |    40 |    92 ||   132
